cohdb
Replays
Latest Replays
All Replays
Popular Replays
Top Player Replays
Match Explorer
How It Works
Community
CoH3 Stats
Reddit
Sign in to upload your games and track your stats! →
Sign in with Steam
Match 29108500
Unlisted
Match 29108500
Overview
Messages
Build Orders
End
Engineer Squad
Construct Barracks
Riflemen Squad
M1 Mortar Team
1⁄4-ton 4x4 Truck
Riflemen Squad
M1 Mortar Team
Mechanized Support Center
Construct Weapon Support Center
Engineer Squad
Selects Airborne Battlegroup
Selects Heavy Machine Gun Paradrop
Heavy Machine Gun Paradrop
Selects Paratrooper Squad Paradrop
Paratrooper Squad Paradrop
Selects Anti-tank Gun Team Paradrop
.30 cal Machine Gun
M3 Armored Personnel Carrier
Paratrooper Squad Paradrop
Selects Recon Loiter
Paratrooper Squad Paradrop
Selects Paradrop Reinforcements
Anti-tank Gun Team Paradrop
halfbax
MistrzLataniaNaChmurze
bonjour_cretin
铭心
lnsidetheFire
GermanSHark
Hanaken
Sir Uncle
0
0
Comments
sign in to comment!
No comments posted yet!